 Dungeon Crawl Stone Soup version 0.28-a0-1339-ga5422284a4 (webtiles) character file.

Game seed: 2794457369136045055

317 sanka the Cudgeller (level 6, -1/53 HPs)
             Began as a Gnoll Cinder Acolyte on Dec 28, 2021.
             Was a High Priest of Ignis.
             Slain by an ufetubus (4 damage)
             ... on level 5 of the Dungeon.
             The game lasted 00:07:05 (4794 turns).

sanka the Cudgeller (Gnoll Cinder Acolyte)          Turns: 4794, Time: 00:07:05

Health: -1/53      AC:  3    Str: 14    XL:     6   Next: 45%
Magic:  8/11       EV: 11    Int: 15    God:    Ignis [*****.]
Gold:   74         SH:  0    Dex:  7    Spells: 9/11 levels left

rFire   + . .      SeeInvis .   i - +0 dagger (elec)
rCold   . . .      Faith    .   (no shield)
rNeg    + . .      Spirit   .   b - +0 robe
rPois   .          Reflect  .   p - +0 helmet
rElec   .          Harm     .   j - scarf {+Inv}
rCorr   .          Rampage  .   (no gloves)
Will    .....                   (no boots)
Stlth   ++........              (no amulet)
HPRegen 0.17/turn               (no ring)
MPRegen 0.12/turn               l - ring of positive energy

@: no status effects
A: fangs 1, strong nose, distributed training
a: Renounce Religion, Evoke Invisibility, Fiery Armour, Foxfire Swarm, Rising
Flame


You were on level 5 of the Dungeon.
You worshipped Ignis.
Ignis was extremely pleased with you.
You visited 1 branch of the dungeon, and saw 6 of its levels.

You collected 74 gold pieces.


Innate Abilities, Weirdness & Mutations

You have very sharp teeth.
Your uncanny sense of smell can sniff out nearby items.
Your experience applies equally to all skills.


   Skills:
 + Level 6.8 Fighting
 + Level 2.0 Short Blades
 + Level 2.0 Long Blades
 + Level 2.0 Axes
 + Level 6.8 Maces & Flails
 + Level 2.0 Polearms
 + Level 2.0 Staves
 + Level 2.0 Slings
 + Level 2.0 Bows
 + Level 2.0 Crossbows
 + Level 2.0 Throwing
 + Level 2.0 Armour
 + Level 2.0 Dodging
 + Level 2.0 Stealth
 + Level 2.0 Shields
 + Level 2.0 Unarmed Combat
 + Level 3.4 Spellcasting
 + Level 1.5 Conjurations
 + Level 1.5 Hexes
 + Level 1.5 Summonings
 + Level 1.5 Necromancy
 + Level 1.5 Translocations
 + Level 1.5 Transmutations
 + Level 5.6 Fire Magic
 + Level 1.5 Ice Magic
 + Level 1.5 Air Magic
 + Level 1.5 Earth Magic
 + Level 1.5 Poison Magic
 + Level 2.1 Invocations
 + Level 2.0 Evocations


You had 9 spell levels left.
You knew the following spells:

 Your Spells              Type           Power      Damage    Failure   Level
y - Scorch                Fire           38%        2d7       2%          2

Your spell library contained the following spells:

 Spells                   Type           Power      Damage    Failure   Level
 Apportation              Tloc           14%        N/A       11%         1
 Alistair's Intoxication  Tmut/Pois      4%         N/A       96%         5

Inventory:

Hand Weapons
 a - a -1 mace of flaming
 i - a +0 dagger of electrocution (weapon)
 q - a +1 whip of draining
Missiles
 m - 5 curare-tipped darts {=f}
Armour
 b - a +0 robe (worn)
 j - a scarf of invisibility (worn)
 p - a +0 helmet (worn)
Jewellery
 l - a ring of positive energy (right hand)
Wands
 r - a wand of flame (23)
Scrolls
 c - a scroll of blinking {unknown}
 d - 4 scrolls of identify {unknown}
 g - a scroll of holy word {unknown}
 h - a scroll of vulnerability {unknown}
 n - a scroll of enchant weapon {unknown}
 o - a scroll of enchant armour {unknown}
Potions
 e - a potion of curing {unknown}
 f - 4 potions of heal wounds {unknown}
 k - a potion of lignification {unknown}

Dungeon Overview and Level Annotations

Branches:
Dungeon (6/15)
 Temple: D:4-7

Altars:
Okawaru
Trog
Xom

Shops:
D:4

? ∆ ▒. ▒▒▒ ▒..▒ +.▒
▒▒..▒ ▒▒▒.▒+▒ .
▒▒▒.... ▒.....▒
.▒▒..... +.....▒
....▒▒.▒ ▒...g.▒
▒▒.....▒▒▒▒▒▒▒▒5▒'▒
......o.og.g.ohh▒...
.......▒▒▒▒▒gg▒▒▒▒▒...
........)...oo... ...+
...........g..▒▒▒.▒
▒▒▒ ▒.gg...▒▒▒▒▒.▒▒
▒.go...▒ ... ▒o.▒▒▒.▒
....


You could see an orc warrior, a gnoll sergeant, 2 hounds, 2 gnolls, 2 orcs and
an ufetubus.


Message History

The hound closely misses you.
You see here a scroll labelled MUSYEGRAHAU.
The hound bites you but does no damage. The hound misses you.
The hound bites you.
* * * LOW HITPOINT WARNING * * *
The hound bites you.
* * * LOW HITPOINT WARNING * * *
An ufetubus comes into view.
The ufetubus shouts!
The hound barely misses you. The hound bites you.
* * * LOW HITPOINT WARNING * * *
You open the door. The hound bites you.
* * * LOW HITPOINT WARNING * * *
The ufetubus hits you.
* * * LOW HITPOINT WARNING * * *
The ufetubus closely misses you.
The ufetubus hits you but does no damage.
The ufetubus barely misses you. The hound bites you.
* * * LOW HITPOINT WARNING * * *
There is an open door here.
The ufetubus closely misses you. The ufetubus barely misses you.
You open the door.
The ufetubus hits you but does no damage.
The ufetubus hits you.
You die...

Action                   |  1- 3 |  4- 6 || total
-------------------------+-------+-------++-------
Melee: Mace              |    73 |    26 ||    99
       Bite              |     2 |    11 ||    13
       Dagger            |       |   132 ||   132
 Cast: Scorch            |    20 |    38 ||    58
 Stab: Sleeping          |     1 |       ||     1
Armor: Robe              |    20 |    15 ||    35
Dodge: Dodged            |    37 |    92 ||   129

Levels and vault maps discovered:
D:1:      amcnicky_arrival_flooded_fountain, layout_basic,
          ebering_ecumenical_altar_rust
D:2:      layout_rooms, basic_altar, minivault_25
D:3:      layout_rooms, lemuel_doored_altar
D:4:      layout_basic, lemuel_tele_altar, serial_shops, nicolae_shop_trees
D:5:      nicolae_cairo_tiling_large, layout_basic,
          riverfiend_overflow_shadow_ancestor, minmay_temple_entry_mini_moons,
          serial_shops, shop, hellmonk_bongcloud_opening, uniq_eustachio
D:6:      layout_layer_cave, general_overflow_altar, nicolae_overflow_squiral

Notes
Turn   | Place    | Note
-------+----------+-------------------------------------------
     0 | D:1      | sanka the Gnoll Cinder Acolyte began the quest for the Orb.
     0 | D:1      | Reached XP level 1. HP: 23/23 MP: 4/4
   178 | D:1      | Reached XP level 2. HP: 27/29 MP: 5/5
   213 | D:1      | Learned a level 2 spell: Scorch
   518 | D:1      | Found a faded altar of an unknown god.
   528 | D:1      | Reached XP level 3. HP: 35/35 MP: 7/7
   918 | D:2      | Reached skill level 1 in Invocations
   974 | D:2      | Found a bloodstained altar of Trog.
  1108 | D:2      | Reached skill level 1 in Short Blades
  1108 | D:2      | Reached skill level 1 in Long Blades
  1108 | D:2      | Reached skill level 1 in Axes
  1108 | D:2      | Reached skill level 1 in Polearms
  1108 | D:2      | Reached skill level 1 in Staves
  1108 | D:2      | Reached skill level 1 in Slings
  1108 | D:2      | Reached skill level 1 in Bows
  1108 | D:2      | Reached skill level 1 in Crossbows
  1108 | D:2      | Reached skill level 1 in Throwing
  1108 | D:2      | Reached skill level 1 in Armour
  1108 | D:2      | Reached skill level 1 in Dodging
  1108 | D:2      | Reached skill level 1 in Stealth
  1108 | D:2      | Reached skill level 1 in Shields
  1108 | D:2      | Reached skill level 1 in Unarmed Combat
  1108 | D:2      | Reached skill level 1 in Evocations
  1207 | D:2      | Reached XP level 4. HP: 33/41 MP: 3/8
  1298 | D:2      | Reached skill level 3 in Spellcasting
  1436 | D:2      | Reached skill level 1 in Conjurations
  1436 | D:2      | Reached skill level 1 in Hexes
  1436 | D:2      | Reached skill level 1 in Summonings
  1436 | D:2      | Reached skill level 1 in Necromancy
  1436 | D:2      | Reached skill level 1 in Translocations
  1436 | D:2      | Reached skill level 1 in Transmutations
  1436 | D:2      | Reached skill level 1 in Ice Magic
  1436 | D:2      | Reached skill level 1 in Air Magic
  1436 | D:2      | Reached skill level 1 in Earth Magic
  1436 | D:2      | Reached skill level 1 in Poison Magic
  2216 | D:3      | Found an iron altar of Okawaru.
  2367 | D:3      | Reached XP level 5. HP: 37/47 MP: 9/9
  3365 | D:4      | Reached skill level 2 in Invocations
  3365 | D:4      | Reached XP level 6. HP: 9/50 MP: 5/10
  3778 | D:4      | Found Vihauloy's Magic Scroll Shop.
  4611 | D:4      | Found a shimmering altar of Xom.
  4691 | D:5      | Entered Level 5 of the Dungeon
  4716 | D:6      | Noticed an orc warrior
  4726 | D:6      | Reached skill level 2 in Short Blades
  4726 | D:6      | Reached skill level 2 in Long Blades
  4726 | D:6      | Reached skill level 2 in Axes
  4726 | D:6      | Reached skill level 2 in Polearms
  4726 | D:6      | Reached skill level 2 in Staves
  4726 | D:6      | Reached skill level 2 in Slings
  4726 | D:6      | Reached skill level 2 in Bows
  4726 | D:6      | Reached skill level 2 in Crossbows
  4726 | D:6      | Reached skill level 2 in Throwing
  4726 | D:6      | Reached skill level 2 in Armour
  4726 | D:6      | Reached skill level 2 in Dodging
  4726 | D:6      | Reached skill level 2 in Stealth
  4726 | D:6      | Reached skill level 2 in Shields
  4726 | D:6      | Reached skill level 2 in Unarmed Combat
  4726 | D:6      | Reached skill level 2 in Evocations
  4790 | D:5      | HP: 5/53 [hound (3)]
  4794 | D:5      | Slain by an ufetubus

Vanquished Creatures
  A scorpion (D:4)
  2 orc wizards
  A hound skeleton (D:2)
  6 gnolls (D:4)
  4 adders
  An adder skeleton (D:4)
  3 worms
  2 dart slugs
  7 orcs
  4 ball pythons
  9 endoplasms
  3 giant cockroaches
  8 hobgoblins
  6 jackals
  6 quokkas
  5 bats
  3 frilled lizards
  10 goblins
  6 kobolds
  3 rats
90 creatures vanquished.
